 Dungeon Crawl Stone Soup version 0.29.1-15-g9cfb28693d (webtiles) character file.

Game seed: 3327784291133430770

3857 Erymatos the Cleaver (level 9, 0/82 HPs)
             Began as a Minotaur Berserker on May 2, 2023.
             Was a Priest of Trog.
             Slain by an orc warrior
             ... wielding a +0 glaive
              (16 damage)
             ... on level 10 of the Dungeon.
             The game lasted 00:09:42 (9637 turns).

Erymatos the Cleaver (Minotaur Berserker)           Turns: 9637, Time: 00:09:42

Health: 0/82       AC:  9    Str: 30    XL:     9   Next: 99%
Magic:  8/8        EV: 13    Int:  4    God:    Trog [***...]
Gold:   806        SH:  0    Dex: 12    Spells: 8/8 levels left

rFire   . . .      SeeInvis +   F - +0 battleaxe
rCold   . . .      Faith    .   (shield currently unavailable)
rNeg    . . .      Spirit   .   A - +0 ring mail
rPois   +          Reflect  .   (helmet restricted)
rElec   .          Harm     .   J - +1 cloak {rPois}
rCorr   .          Rampage  .   (no gloves)
Will    .....                   (no boots)
Stlth   +.........              p - amulet of the acrobat
HPRegen 0.23/turn               e - +6 ring of strength
MPRegen 0.11/turn               O - ring of see invisible

@: on berserk cooldown, slowed, very slow
A: horns 2, retaliatory headbutt
a: Renounce Religion, Berserk, Trog's Hand


You were on level 10 of the Dungeon.
You worshipped Trog.
Trog was most pleased with you.
You visited 1 branch of the dungeon, and saw 10 of its levels.

You collected 806 gold pieces.

Inventory:

Hand Weapons
 a - a +0 hand axe
 F - a +0 battleaxe (weapon)
Missiles
 l - 3 throwing nets (quivered)
Armour
 A - a +0 ring mail (worn)
 C - the +1 robe of the Valley of Death {-Tele rElec rPois rC+ Regen+}
   (You found it on level 5 of the Dungeon)

   rC:        It protects you from cold.
   rElec:     It insulates you from electricity.
   rPois:     It protects you from poison.
   -Tele:     It prevents most forms of teleportation.
   Regen:     It increases your rate of health regeneration.
 H - a +0 leather armour of cold resistance
 J - a +1 cloak of poison resistance (worn)
Jewellery
 e - a +6 ring of strength (left hand)
 f - a ring of poison resistance
 n - an amulet of magic regeneration
 p - an amulet of the acrobat (around neck)
 u - an amulet of reflection
 y - a ring of magical power
 L - a ring of ice
 O - a ring of see invisible (right hand)
 Q - a ring of magical power
Wands
 z - a wand of mindburst (16)
 E - a wand of light (9)
 M - a wand of flame (25)
 P - a wand of polymorph (8)
Scrolls
 c - 2 scrolls of enchant armour {unknown}
 d - 7 scrolls of amnesia {unknown}
 h - 4 scrolls of teleportation {unknown}
 j - 7 scrolls of identify {unknown}
 r - a scroll of summoning {unknown}
 s - a scroll of fear {unknown}
 v - 3 scrolls of noise {unknown}
 w - 2 scrolls of vulnerability {unknown}
 x - a scroll of acquirement {unknown}
 B - a scroll of poison {unknown}
 D - 3 scrolls of magic mapping {unknown}
 K - a scroll of immolation {unknown}
 N - 3 scrolls of silence {unknown}
 T - a scroll of blinking {unknown}
Potions
 b - 2 potions of attraction {unknown}
 g - 2 potions of haste {unknown}
 i - 5 potions of mutation {unknown}
 k - 6 potions of brilliance {unknown}
 m - 3 potions of curing {unknown}
 o - a potion of flight {unknown}
 q - 2 potions of lignification {unknown}
 t - a potion of might {unknown}
 G - 2 potions of cancellation {unknown}
 I - a potion of ambrosia {unknown}
 R - a potion of resistance {unknown}
 S - a potion of degeneration {unknown}


   Skills:
 + Level 8.6 Fighting
 + Level 12.5 Axes
 + Level 7.4 Armour
 + Level 6.1 Dodging


You had 8 spell levels left.
You didn't know any spells.
Your spell library was empty.

Dungeon Overview and Level Annotations

Branches:
Dungeon (10/15)            Temple (0/1) D:7
   Lair: D:8-11         Orc: D:9-12

Altars:
Fedhas
Gozag
Nemelex Xobeh
Trog
Vehumet
Xom
Zin

Shops:
D:9 =

Annotations:
D:8 3 runed translucent doors, EarthwalkerPL's ghost, novice MiFi


Innate Abilities, Weirdness & Mutations

You have a pair of horns on your head.
You reflexively headbutt those who attack you in melee.


Message History

Unknown command.
You are too confused!
Unknown command.
You're too confused to move!
The orc wizard misses you. The orc misses you.
Unknown command.
The orc misses you. The orc wizard barely misses you.
You barely miss the orc. You slash the orc wizard!
The orc hits you but does no damage. The orc warrior misses you.
The orc wizard hits you with a +0 dagger.
The orc warrior hits you from afar with a +0 glaive!!
The orc hits you with a +0 hand axe.
The orc wizard hits you with a +0 dagger.
Unknown command.
You miss the orc wizard.
The orc wizard is almost dead.
You slash the orc!
You kill the orc!
Trog accepts your kill.
You feel less confused.
The orc warrior hits you from afar with a +0 glaive.
The orc wizard barely misses you.
You barely miss the orc wizard.
The orc wizard is almost dead.
The orc warrior hits you from afar with a +0 glaive!
The orc wizard barely misses you.
The orc warrior hits you from afar with a +0 glaive!
* * * LOW HITPOINT WARNING * * *
The orc wizard closely misses you.
You slash the orc wizard!
You kill the orc wizard!
Trog accepts your kill.
Trog appreciates your killing of a magic user.
The orc warrior hits you from afar with a +0 glaive.
* * * LOW HITPOINT WARNING * * *
The orc warrior misses you. The orc warrior misses you.
You slash the orc warrior! Your headbutt misses the orc warrior.
The orc warrior is heavily wounded.
The orc warrior hits you with a +0 glaive!
You die...

.................
.................
........†.?......
.................
........)........
.................
........).......
.[......).......
.......@........
.......o........
................
................
......<.........
................
.#####.........
#.........


You could see an orc warrior.

Vanquished Creatures
  A two-headed ogre (D:9)
  A troll (D:10)
  A steam dragon (D:6)
  3 water moccasins
  A sky beast (D:7)
  2 black bears
  An ice beast (D:5)
  An ogre (D:6)
  2 centaurs
  2 phantoms
  A kobold brigand (D:9)
  A gnoll sergeant (D:8)
  Blork the orc (D:4)
  A necrophage (D:4)
  A bullfrog (D:9)
  A scorpion (D:5)
  8 wights (D:7)
  6 howler monkeys
  A jelly (D:4)
  A hound (D:6)
  A gnoll bouda (D:8)
  6 orc priests
  Crazy Yiuf (D:6)
  7 orc wizards
  An iguana (D:2)
  17 gnolls
  5 adders
  2 shadow imps
  2 ufetubi (D:5)
  2 worms (D:3)
  A dart slug (D:2)
  16 orcs
  5 ball pythons
  6 endoplasms
  4 giant cockroaches
  5 goblins
  6 hobgoblins
  2 jackals (D:3)
  5 quokkas
  2 bats
  2 frilled lizards (D:3)
  10 kobolds
  6 rats
151 creatures vanquished.

Notes
Turn   | Place    | Note
-------+----------+-------------------------------------------
     0 | D:1      | Erymatos the Minotaur Berserker began the quest for the
                  | Orb.
     0 | D:1      | Reached XP level 1. HP: 19/19 MP: 0/0
    76 | D:1      | Reached skill level 4 in Axes
    96 | D:1      | Reached XP level 2. HP: 14/27 MP: 1/1
   849 | D:2      | Reached XP level 3. HP: 28/33 MP: 2/2
   925 | D:2      | Reached XP level 4. HP: 40/41 MP: 3/3
   928 | D:2      | Reached ** piety under Trog
  1452 | D:2      | Found a faded altar of an unknown god.
  1559 | D:2      | Reached skill level 5 in Axes
  1559 | D:2      | Reached XP level 5. HP: 22/47 MP: 4/4
  2211 | D:3      | Found a sparkling altar of Nemelex Xobeh.
  2341 | D:3      | Reached skill level 5 in Fighting
  2848 | D:3      | Identified the +3 chain mail "Medoica" {rPois Will- Str+9
                  | Dex+4}
  3335 | D:4      | Reached skill level 6 in Axes
  3335 | D:4      | Reached XP level 6. HP: 39/56 MP: 5/5
  3483 | D:4      | Found an opulent altar of Gozag.
  3501 | D:4      | Found a shimmering altar of Xom.
  3519 | D:4      | Noticed Blork the orc
  3527 | D:4      | Killed Blork the orc
  4139 | D:5      | Entered Level 5 of the Dungeon
  4150 | D:5      | Reached skill level 7 in Axes
  4620 | D:5      | Reached XP level 7. HP: 62/62 MP: 6/6
  5032 | D:5      | Identified the +1 robe of the Valley of Death {-Tele rElec
                  | rPois rC+ Regen+}
  5130 | D:5      | Reached skill level 8 in Axes
  5632 | D:6      | Found a radiant altar of Vehumet.
  5706 | D:6      | Found a runed translucent door.
  5707 | D:6      | Noticed Crazy Yiuf
  5850 | D:6      | Noticed a steam dragon
  5856 | D:6      | Killed a steam dragon
  5857 | D:6      | Reached skill level 5 in Dodging
  5857 | D:6      | Reached XP level 8. HP: 71/71 MP: 7/7
  5980 | D:6      | Reached skill level 5 in Armour
  6164 | D:6      | Found a glowing silver altar of Zin.
  6601 | D:6      | Killed Crazy Yiuf
  6754 | D:7      | Reached skill level 9 in Axes
  6921 | D:7      | Reached XP level 9. HP: 76/79 MP: 8/8
  6927 | D:7      | Reached skill level 10 in Axes
  6930 | D:7      | Reached *** piety under Trog
  7229 | D:7      | Found a blossoming altar of Fedhas.
  7417 | D:7      | Found a staircase to the Ecumenical Temple.
  7592 | D:8      | Found a bloodstained altar of Trog.
  7681 | D:8      | Found a runed translucent gate.
  7681 | D:8      | Found a runed translucent gate.
  7682 | D:8      | Found a runed translucent gate.
  7683 | D:8      | Found an opulent altar of Gozag.
  8639 | D:8      | Noticed a manticore
  8640 | D:8      | Noticed EarthwalkerPL's ghost (novice MiFi)
  8797 | D:9      | Reached skill level 11 in Axes
  9053 | D:9      | Found Hedayxzu's Jewellery Shop.
  9197 | D:9      | Noticed a two-headed ogre
  9202 | D:9      | Killed a two-headed ogre
  9203 | D:9      | Reached skill level 12 in Axes
  9612 | D:10     | Entered Level 10 of the Dungeon
  9612 | D:10     | Noticed a troll
  9619 | D:10     | Killed a troll
  9637 | D:10     | Slain by an orc warrior

Illustrated notes

Levels and vault maps discovered:
D:1:      lemuel_arrival_lava_pool, layout_rooms
D:2:      layout_loops_ring, shapermc_ecumenical_altar_mp_vishouse
D:3:      layout_loops_ring, nemelex_xobeh_ov_fountains_minmay
D:4:      layout_basic, mainiacjoe_overflow_tiny_flanked, xom_butterflies,
          uniq_blork_the_orc
D:5:      layout_rooms, kennysheep_generic_room_4
D:6:      layout_basic, lemuel_round_altar, zin_scriptorium,
          uniq_crazy_yiuf_cottage
D:7:      layout_cave_pools, mainiacjoe_overflow_small_starburst,
          minmay_temple_entry_mist, st_stairs_11
D:8:      layout_basic, mainiacjoe_overflow_six_doors_small, ebering_ghost_gozag
D:9:      layout_basic, solitary_fountain, minmay_shop_enchanted_jewellery
D:10:     layout_long_grid, grunt_lair_entry_orc_guard_hut

Skill      XL: |  1  2  3  4  5  6  7  8  9 |
---------------+----------------------------+-----
Axes           | 4 5 6 7 8 9 12 | 12.5
Fighting       | 4 5 6 7 8 |  8.6
Dodging        | 3 4 5 6 |  6.1
Armour         | 3 4 6 7 |  7.4

Action                   |  1- 3 |  4- 6 |  7- 9 || total
-------------------------+-------+-------+-------++-------
Melee: Hand axe          |    52 |   126 |    45 ||   223
       Headbutt          |     7 |    23 |    30 ||    60
       Battleaxe         |       |       |   142 ||   142
       Punch             |       |       |     2 ||     2
Invok: Berserk           |     1 |     5 |     8 ||    14
 Stab: Sleeping          |       |     2 |       ||     2
Armor: Animal skin       |     5 |    10 |       ||    15
       Ring mail         |       |     5 |    68 ||    73
Dodge: Dodged            |    34 |    73 |   137 ||   244
